 Dungeon Crawl Stone Soup version 0.21.0-3-g78d12a8 (webtiles) character file.

207 Monsterracer the Chopper (level 5, -2/41 HPs)
             Began as a Demonspawn Gladiator on Jan 14, 2018.
             Slain by bmj180's ghost (4 damage)
             ... on level 3 of the Dungeon.
             The game lasted 00:03:32 (2855 turns).

Monsterracer the Chopper (Demonspawn Gladiator)     Turns: 2855, Time: 00:03:32

Health: -2/41      AC:  8    Str: 16    XL:     5   Next: 54%
Magic:  5/5        EV: 12    Int:  9    God:
Gold:   127        SH:  0    Dex: 14    Spells: 4/4 levels left

rFire    . . .     SeeInvis .   a - +0 war axe
rCold    + . .     Gourm    .   (no shield)
rNeg     . . .     Faith    .   b - +0 ring mail
rPois    +         Spirit   .   (helmet restricted)
rElec    .         Reflect  .   (no cloak)
rCorr    .         Harm     .   o - +0 pair of gloves
MR       .....                  (no boots)
Stlth    +.........             (no amulet)
HPRegen  0.13/turn              n - ring of poison resistance {!d}
MPRegen  0.09/turn              (no ring)

@: no status effects
A: antennae 1, iridescent scales 1, cold resistance 1, spiny 1
a: no special abilities


You were on level 3 of the Dungeon.
You were not hungry.

You visited 1 branch of the dungeon, and saw 3 of its levels.

You collected 127 gold pieces.

Inventory:

Hand Weapons
 a - a +0 war axe (weapon)
Missiles
 d - 3 throwing nets (quivered)
Armour
 b - a +0 ring mail (worn)
 o - a +0 pair of gloves (worn)
Jewellery
 n - a ring of poison resistance (left hand) {!d}
Scrolls
 c - 2 scrolls of immolation {unknown}
 i - 2 scrolls of teleportation {unknown}
 j - 2 scrolls of identify {unknown}
 m - a scroll of enchant weapon {unknown}
 p - a scroll of magic mapping {unknown}
 r - a scroll of random uselessness {unknown}
 s - 2 scrolls of remove curse {unknown}
Potions
 e - a potion of curing {unknown}
 g - 2 potions of ambrosia {unknown}
 h - a potion of brilliance {unknown}
 k - a potion of lignification {unknown}
 l - a potion of berserk rage {unknown}
Comestibles
 f - 12 rations
 q - a chunk of flesh


   Skills:
 + Level 3.1 Fighting
 * Level 4.2 Axes
 - Level 1.7 Throwing
 + Level 1.7 Armour
 + Level 3.5 Dodging


You had 4 spell levels left.
You didn't know any spells.

Dungeon Overview and Level Annotations

Branches:
Dungeon (3/15)

Altars:
Nemelex Xobeh

Annotations:
D:3 bmj180's ghost, amateur HOFi


Innate Abilities, Weirdness & Mutations

You have a pair of small antennae on your head.
You are partially covered in iridescent scales. (AC +2)
Your flesh is cold resistant. (rC+)
You are partially covered in sharp spines.


Message History

No target in view!
No target in view!
No target in view!
HP restored.
You butcher the adder corpse.
q - 2 chunks of flesh Eating one of 2 chunks of flesh.
You eat one of the 2 chunks of flesh.
This raw flesh tastes terrible.
s - 2 scrolls labeled XEFIME ROPLAHAOPN (gained 1)
Found a sparkling altar of Nemelex Xobeh.
Health restored: 34
There is a fountain of sparkling water here.
There is a sparkling altar of Nemelex Xobeh here.
A big kobold comes into view. It is wielding a short sword.
The big kobold shouts!
A big kobold is nearby!
The big kobold barely misses you.
You hit the big kobold.
The big kobold is moderately wounded.
The big kobold is struck by your spines.
The big kobold misses you.
The big kobold hits you but does no damage.
You closely miss the big kobold.
The big kobold is moderately wounded.
The big kobold hits you with a short sword.
You take 1 damage, and have 33/34 hp.
You hit the big kobold.
The big kobold is heavily wounded.
The big kobold barely misses you.
You closely miss the big kobold.
The big kobold is heavily wounded.
The big kobold is struck by your spines.
The big kobold barely misses you.
The big kobold hits you with a short sword.
You take 3 damage, and have 30/34 hp.
You slash the big kobold!
You kill the big kobold!
Your Fighting skill increases to level 3!
Your Axes skill increases to level 4!
You have reached level 5!
Your demonic ancestry asserts itself...
You feel resistant to cold.
You regained 7 hp, and now have 37/41 hp.
MP restored: 5
Things that are here:
a short sword; a big kobold corpse; Health restored: 41 A worm comes into view.
A worm is nearby!
You slash the worm!
The worm is heavily wounded.
The worm is struck by your spines. The worm closely misses you.
You slash the worm!
You kill the worm!
No target in view!
No target in view!
No target in view!
Found a stone staircase leading down.
Bmj180's ghost turns its malevolent gaze towards you.
Bmj180's ghost is too close now for your liking.
There is a stone staircase leading down here.
Bmj180's ghost is nearby!
You closely miss bmj180's ghost. Bmj180's ghost hits you.
You take 2 damage, and have 39/41 hp.
You barely miss bmj180's ghost. Bmj180's ghost hits you.
You take 6 damage, and have 33/41 hp.
There is a stone staircase leading down here.
You slash bmj180's ghost!
Bmj180's ghost is moderately damaged.
Bmj180's ghost is struck by your spines.
Bmj180's ghost hits you. Bmj180's ghost closely misses you.
You take 1 damage, and have 32/41 hp.
Bmj180's ghost hits you but does no damage.
You slash bmj180's ghost!
Bmj180's ghost is heavily damaged.
Bmj180's ghost closely misses you.
Bmj180's ghost is struck by your spines.
Bmj180's ghost hits you!
You take 11 damage, and have 21/41 hp.
MASSIVE DAMAGE!!
You hit bmj180's ghost.
Bmj180's ghost is heavily damaged.
Bmj180's ghost closely misses you.
You slash bmj180's ghost!
Bmj180's ghost is severely damaged.
Bmj180's ghost hits you!
* * * LOW HITPOINT WARNING * * *
Bmj180's ghost is struck by your spines.
Bmj180's ghost hits you!
* * * LOW HITPOINT WARNING * * *
You take 19 damage, and have 2/41 hp.
MASSIVE DAMAGE!!
There is a stone staircase leading down here.
Your ring mail prevents you from hitting bmj180's ghost.
Bmj180's ghost is almost destroyed.
Bmj180's ghost mumbles, "They all look like pillowcases to me..."
Bmj180's ghost hits you.
* * * LOW HITPOINT WARNING * * *
You take 1 damage, and have 2/41 hp.
You hit bmj180's ghost but do no damage.
Bmj180's ghost is severely damaged.
Bmj180's ghost hits you.
You die...

#.#....####.#. ..
#.#..†...##.#..# #.
#.............. #.
######....#....... # #.
....##.########..### #.#.#.
................... #.#.#.
.......#########.#### # #.#...
....##..............#.######.###.
....##..#######.@W...............
....##..##............######.....
....##..##.####.####### #.....
....##..##.......# #.....
....##..##.......###########.####
....##..#....................#
######...........############# #
####.................. #
#.....................


You could see bmj180's ghost.

Vanquished Creatures
  A big kobold (D:3)
  5 adders
  3 oozes (D:2)
  5 worms
  3 leopard geckos
  3 orcs (D:3)
  2 giant cockroaches (D:2)
  3 goblins
  4 hobgoblins
  3 jackals (D:2)
  3 quokkas (D:2)
  10 bats
  8 frilled lizards
  10 kobolds
  4 rats
67 creatures vanquished.

Notes
Turn   | Place    | Note
-------+----------+-------------------------------------------
     0 | D:1      | Monsterracer the Demonspawn Gladiator began the quest for the Orb.
     0 | D:1      | Reached XP level 1. HP: 16/16 MP: 1/1
   212 | D:1      | Reached skill level 3 in Axes
   237 | D:1      | Gained mutation: You have a pair of small antennae on your head. [demonic ancestry]
   237 | D:1      | Reached XP level 2. HP: 20/22 MP: 2/2
  1144 | D:2      | Gained mutation: You are partially covered in iridescent scales. (AC +2) [demonic ancestry]
  1144 | D:2      | Reached XP level 3. HP: 26/28 MP: 3/3
  1630 | D:2      | Reached skill level 1 in Armour
  1630 | D:2      | Gained mutation: You are partially covered in sharp spines. [demonic ancestry]
  1630 | D:2      | Reached XP level 4. HP: 33/34 MP: 4/4
  2109 | D:3      | Noticed bmj180's ghost (amateur HOFi)
  2122 | D:3      | HP: 17/34 [bmj180's ghost (13)]
  2540 | D:3      | HP: 17/34 [bmj180's ghost (11)]
  2749 | D:3      | Found a sparkling altar of Nemelex Xobeh.
  2765 | D:3      | Noticed a big kobold
  2773 | D:3      | Killed a big kobold
  2773 | D:3      | Reached skill level 4 in Axes
  2773 | D:3      | Gained mutation: Your flesh is cold resistant. (rC+) [demonic ancestry]
  2773 | D:3      | Reached XP level 5. HP: 37/41 MP: 5/5
  2852 | D:3      | HP: 9/41 [bmj180's ghost (12)]
  2852 | D:3      | HP: 2/41 [bmj180's ghost (7)]
  2855 | D:3      | Slain by bmj180's ghost

Skill      XL: |  1  2  3  4 |
---------------+-------------+-----
Axes           | 3 4 |  4.2
Dodging        | 3 |  3.5
Armour         | 1 |  1.7
Fighting       | 3 |  3.1
Throwing       | |  1.7

Action                   |  1- 3 |  4- 6 || total
-------------------------+-------+-------++-------
Melee: War axe           |   109 |    59 ||   168
  Eat: Chunk             |     2 |     4 ||     6
Armor: Leather armour    |     7 |       ||     7
       Scale mail        |     6 |       ||     6
       Ring mail         |    43 |    12 ||    55
Dodge: Dodged            |    92 |    45 ||   137

Vault maps used:
D:1:      nzn_arrival_water_spiral, grunt_decor_one_mirror
D:2:      first_ration
D:3:      nemelex_xobeh_ov_fountains_minmay
